 Dungeon Crawl Stone Soup version 0.25.0-9-g26727b657a (webtiles) character file.

Game seed: 14003192495601548356

37 protoss039 the Magician (level 3, -9/19 HPs)
             Began as a Deep Elf Earth Elementalist on June 20, 2020.
             Killed by nerve-wracking pain
             ... invoked by an orc priest
              (13 damage)
             ... on level 2 of the Dungeon.
             The game lasted 00:02:55 (911 turns).

protoss039 the Magician (DEEE)                       Turns: 911, Time: 00:02:55

Health: -9/19      AC:  3    Str:  5    XL:     3   Next: 21%
Magic:  4/10       EV: 13    Int: 20    God:
Gold:   88         SH:  0    Dex: 15    Spells: 9/10 levels left

rFire    . . .     SeeInvis .   g - +0 dagger
rCold    . . .     Gourm    .   (no shield)
rNeg     . . .     Faith    .   c - +0 robe
rPois    .         Spirit   .   (no helmet)
rElec    .         Reflect  .   (no cloak)
rCorr    .         Harm     .   i - +0 pair of gloves
MR       .....                  (no boots)
Stlth    ++........             (no amulet)
HPRegen  0.06/turn              (no ring)
MPRegen  0.12/turn              (no ring)

@: no status effects
A: no striking features
a: no special abilities


You were on level 2 of the Dungeon.
You were not hungry.

You visited 1 branch of the dungeon, and saw 2 of its levels.

You collected 88 gold pieces.

Inventory:

Hand Weapons
 g - a +0 dagger (weapon)
Missiles
 b - 82 stones (quivered)
Armour
 c - a +0 robe (worn)
 i - a +0 pair of gloves (worn)
Jewellery
 f - a cursed -4 ring of protection {unknown}
Scrolls
 e - 3 scrolls of magic mapping {unknown}
 h - 2 scrolls of remove curse {unknown}
 j - a scroll of amnesia {unknown}
 k - a scroll of teleportation {unknown}
Comestibles
 a - a chunk of flesh
 d - 3 rations


   Skills:
 + Level 0.9 Short Blades
 - Level 2.4 Dodging
 + Level 2.5 Stealth
 * Level 4.0 Spellcasting
   Level 1.1 Transmutations
 + Level 3.9 Earth Magic


You had 9 spell levels left.
You knew the following spells:

 Your Spells              Type           Power        Failure   Level  Hunger
a - Sandblast             Erth           ###...       2%          1    None

Your spell library contained the following spells:

 Spells                   Type           Power        Failure   Level  Hunger
 Passwall                 Tmut/Erth      ##......     7%          2    #......
 Stone Arrow              Conj/Erth      ##....       17%         3    ###....
 Petrify                  Tmut/Erth      ##......     41%         4    ####...
 Lee's Rapid Deconstruct  Erth           ###.......   56%         5    ######.


Dungeon Overview and Level Annotations

Branches:
Dungeon (2/15)

Altars:

Annotations:
D:2 1 exclusion


Message History

There isn't anything edible to butcher here.
A giant cockroach comes into view.
An orc comes into view. It is wielding a +0 hand axe.
Things that are here:
a +0 short sword; a kobold corpse The kobold corpse isn't edible.
The kobold corpse isn't edible.
Items here: ! $ ) †† a +0 short sword; a yellow potion; 12 gold pieces; a kobold corpse x2
You see here a scroll labeled COMYWNEULL.
There isn't anything to butcher here.
h - 2 scrolls labeled COMYWNEULL (gained 1)
The orc priest calls down the wrath of Beogh upon you.
Beogh smites you!
Ouch! That really hurt!
* * * LOW HITPOINT WARNING * * *
The orc priest calls down the wrath of Beogh upon you.
Pain shoots through your body!
Ouch! That really hurt!
You die...

. ###### . #....# . #....# .
. ..######....# ..
.##..........# ########...
.########....######..........
....>...........@.....o......
..##.####.#####.......!......
..##.# #.# #.....)o.......
..##.####.. #..............
............ ####...........
.###.####.... #.#########. .#
....######. ...# .##......
....... ........... ....#.


You could see an orc priest and an orc.

Vanquished Creatures
  2 adders (D:2)
  A leopard gecko (D:1)
  A giant cockroach (D:1)
  A goblin (D:1)
  2 hobgoblins (D:1)
  2 jackals (D:1)
  A ball python (D:2)
  2 bats (D:1)
  A frilled lizard (D:2)
  5 kobolds
18 creatures vanquished.

Notes
Turn   | Place    | Note
-------+----------+-------------------------------------------
     0 | D:1      | protoss039 the Deep Elf Earth Elementalist began the quest
                  | for the Orb.
     0 | D:1      | Reached XP level 1. HP: 10/10 MP: 6/6
   355 | D:1      | Reached XP level 2. HP: 15/15 MP: 5/8
   894 | D:2      | Reached XP level 3. HP: 19/19 MP: 7/10
   902 | D:2      | Reached skill level 4 in Spellcasting
   911 | D:2      | Killed from afar by an orc priest

Illustrated notes

Levels and vault maps discovered:
D:1:      nzn_arrival_water_spiral, layout_loops_ring
D:2:      layout_basic, old_standard_altar, lemuel_doored_altar,
          grunt_dithmenos_smoke, minmay_goblin_outpost

Skill      XL: |  1  2  3 |
---------------+----------+-----
Spellcasting   | 4 |  4.0
Short Blades   | |  0.9
Dodging        | |  2.4
Stealth        | |  2.5
Transmutations | |  1.1
Earth Magic    | |  3.9

Action                   || total
-------------------------++-------
Melee: Dagger            ||    19
 Cast: Sandblast         ||    23
Armor: Robe              ||     7
Dodge: Dodged            ||    24
